Workbook
Name a: #REF!
Name CF: #REF!
Name note2010: #REF!
Name qqq: #REF!

Sheet F10 -BS
A1: PENANG GLOBAL TOURISM SDN BHD
A2: STATEMENT OF FINANCIAL POSITION
A3: AS AT DEC 31, 2017
E6: Variance | F6: Audited
C7: As at Oct 2018 | D7: As at Oct 2017 | E7: YOY | F7: YE 2017
B8: Note | C8: RM | D8: RM | E8: RM | F8: RM
A9: Non Current Assets
A10: Property, plant and equipment | B10: 1 | C10: 127561.58 | D10: 152271.01 | E10: =C10-D10 -> -24709.43 | F10: 120058.58
C11: =SUM(C10:C10) -> 127561.58 | D11: =SUM(D10:D10) -> 152271.01 | E11: =SUM(E10:E10) -> -24709.43 | F11: 120058.58
A13: Current Assets
A14: Other Debtors | C14: 12000 | D14: 0 | E14: 0 | F14: 0
A15: Other receivables | C15: -8000 | D15: 23413.48 | E15: =C15-D15 -> -31413.48 | F15: 0
A16: Other current assets | B16: 2 | C16: =NTC!F32 -> 46012 | D16: =NTC!G32 -> 148035.35 | E16: =C16-D16 -> -102023.35 | F16: 1436452.9
A17: Provisional for Taxation | C17: 1432.25 | D17: 1363.02 | E17: =C17-D17 -> 69.23 | F17: 0
A18: Amount owing by holding corporation | E18: =C18-D18 -> 0
A19: Amount owing from State Government
A20: Interest Receicvable | E20: 0 | F20: 0
A21: Cash and bank balances | B21: 3 | C21: =NTC!F40 -> 4974697.5 | D21: =NTC!G40 -> 3996462.5 | E21: =C21-D21 -> 978234.97 | F21: 2962216.1
D22: 0
A23: Total current assets | C23: =SUM(C14:C22) -> 5026141.7 | D23: =SUM(D14:D22) -> 4169274.3 | E23: =SUM(E15:E22) -> 844867.37 | F23: 4398669
A25: Total Assets | C25: =C11+C23 -> 5153703.3 | D25: =D11+D23 -> 4321545.4 | E25: =E11+E23 -> 820157.94 | F25: 4518727.6
A27: Equity
A28: Share Capital | C28: 100003 | D28: 100003 | E28: =C28-D28 -> 0 | F28: 100003
A29: Profit & Loss A/C | C29: -100003 | D29: -100003 | E29: =C29-D29 -> 0 | F29: -100003
A30: Total Equity | C30: =SUM(C28:C29) -> 0 | D30: =SUM(D28:D29) -> 0 | E30: =SUM(E28:E29) -> 0 | F30: 0
A32: Non-Current Liabilities | C32: 0 | D32: 0 | E32: 0 | F32: 0
A34: Total Non-Current Liabilities | C34: =SUM(C33:C33) -> 0 | D34: =SUM(D33:D33) -> 0 | E34: =SUM(E33:E33) -> 0 | F34: 0
A36: Current Liabilities
A37: Other payables and accrued Expenses | B37: 4 | C37: =NTC!F49 -> 8776.5 | D37: =NTC!G49 -> 64144.4 | E37: =C37-D37 -> -55367.9 | F37: 1423078.4
A38: Deferred income | B38: 5 | C38: =NTC!F75 -> 5144926.8 | D38: 4257401 | E38: =C38-D38 -> 887525.84 | F38: 3095380.5
A39: Amount owing to PDC Premier Holdings | C39: 0
A40: Current tax payable | E40: =C40-D40 -> 0 | F40: 268.75
A41: Total Current Liabilities | C41: =SUM(C37:C40) -> 5153703.3 | D41: =SUM(D37:D40) -> 4321545.4 | E41: =SUM(E37:E40) -> 832157.94 | F41: 4518727.6
A43: Total Equity and Liabilities | C43: =C30+C41 -> 5153703.3 | D43: =D30+D41 -> 4321545.4 | E43: =E30+E41 -> 832157.94 | F43: 4518727.6

Sheet F20 IS
A1: PENANG GLOBAL TOURISM SDN BHD
A2: STATEMENT OF COMPREHENSIVE INCOME
A3: FOR THE FINANCIAL PERIOD ENDED FEB 28, 2018
C6: <YTD Oct 2018>
C7: Actual | D7: Budget | E7: Variance Actual vs Budget | F7: Actual YTD Oct 2017 | G7: Variance YOY | H7: Audited FYE 2017 | I7: Forecast (4+8) FYE 2018 | K7: Budget (Yearly)
B8: Note | C8: RM | D8: RM | E8: RM | F8: RM | G8: RM | H8: RM | I8: RM
A9: Revenue
A10: Sales (TIC) | C10: 14179.9 | D10: 10500 | E10: =C10-D10 -> 3679.9 | F10: 12395 | G10: =C10-F10 -> 1784.9 | H10: 14542.7
A12: Less:
A13: Cost of Sales
A14: Purchases | C14: 7955.9 | D14: 3675 | E14: =C14-D14 -> 4280.9 | F14: 6321.1 | G14: =C14-F14 -> 1634.8 | H14: 8188.27
A15: Gross profit from operation | C15: =C10-C14 -> 6224 | D15: =D10-D14 -> 6825 | E15: =E10-E14 -> -601 | F15: =F10-F14 -> 6073.9 | G15: =G10-G14 -> 150.1 | H15: 6354.43 | I15: =I10-I14 -> 0
A17: Other Income :
A18: Portion of Grant Utilised - State Govt | C18: 5820366.4 | E18: =C18-D18 -> 5820366.4 | F18: 7216910.7 | G18: =C18-F18 -> -1396544.2 | H18: 9471127.9
A19: Portion of Grant Utilised - Hotel Fee | C19: 5128960.2 | E19: =C19-D19 -> 5128960.2 | F19: 4589049.7 | G19: =C19-F19 -> 539910.54 | H19: 4834137.7
A20: Dividen Received | C20: 11.95 | E20: =C20-D20 -> 11.95 | F20: 339.01 | G20: =C20-F20 -> -327.06 | H20: 346.92 | M20: =C20+C21 -> 88384.83
A21: Interest Received | B21: 6 | C21: 88372.88 | E21: =C21-D21 -> 88372.88 | F21: 100128.52 | G21: =C21-F21 -> -11755.64 | H21: 121916.97
A22: Total Other operating income | C22: =SUM(C18:C21) -> 11037711 | D22: =SUM(D18:D21) -> 0 | E22: =SUM(E18:E21) -> 11037711 | F22: =SUM(F18:F21) -> 11906428 | G22: =SUM(G18:G21) -> -868716.4 | H22: 14427530 | I22: =SUM(I18:I21) -> 0
A23: Profit from operation | C23: =C22+C15 -> 11043935 | D23: =D22+D15 -> 6825 | E23: =E22+E15 -> 11037110 | F23: =F22+F15 -> 11912502 | G23: =G22+G15 -> -868566.3 | H23: 14433884 | I23: =I22+I15 -> 0
A25: Administration and general expenses
A26: Salary | C26: 930908.33 | D26: 772835 | E26: =C26-D26 -> 158073.33 | F26: 914999.04 | G26: =C26-F26 -> 15909.29 | H26: 1108740.2 | K26: 1200060 | L26: =K26/12*7 -> 700035
A27: Allowance | C27: 7000 | D27: 4900 | E27: =C27-D27 -> 2100 | F27: 7000 | G27: =C27-F27 -> 0 | H27: 8400 | K27: 8400 | L27: =K27/12*7 -> 4900
A28: Bonus/Incentive | C28: 19794.7 | D28: 128805.83 | E28: =C28-D28 -> -109011.13 | F28: 65003.18 | G28: =C28-F28 -> -45208.48 | H28: 101462.2 | K28: 200010 | L28: =K28/12*7 -> 116672.5
A29: Epf | C29: 113958 | D29: 117213.31 | E29: =C29-D29 -> -3255.3083 | F29: 112470 | G29: =C29-F29 -> 1488 | H29: 136246 | K29: 182009.1 | L29: =K29/12*7 -> 106171.98
A30: Socso | C30: 11700.35 | D30: 8750 | E30: =C30-D30 -> 2950.35 | F30: 12101.45 | G30: =C30-F30 -> -401.1 | H30: 14568.05 | K30: 15000 | L30: =K30/12*7 -> 8750
A31: EIS | C31: 1260.5 | D31: 0 | E31: =C31-D31 -> 1260.5 | G31: =C31-F31 -> 1260.5 | H31: 0
A32: Medical Fee | C32: 1853 | D32: 4806.6667 | E32: =C32-D32 -> -2953.6667 | F32: 1439 | G32: =C32-F32 -> 414 | H32: 1683 | K32: 8240 | L32: =K32/12*7 -> 4806.6667
A33: Overtime | C33: 1740 | D33: 1400 | E33: =C33-D33 -> 340 | F33: 1682.99 | G33: =C33-F33 -> 57.01 | H33: 1982.99 | K33: 2400 | L33: =K33/12*7 -> 1400
A34: Insurance | C34: 48746.1 | D34: 27416.667 | E34: =C34-D34 -> 21329.433 | F34: 45202.69 | G34: =C34-F34 -> 3543.41 | H34: 45598.16 | K34: 45000 | L34: =K34/12*7 -> 26250
A35: Gratuity | C35: 0 | D35: 0 | E35: =C35-D35 -> 0 | F35: 17843.13 | G35: =C35-F35 -> -17843.13 | H35: 17843.13 | K35: 20000 | L35: 0
A36: Trainee & Trainer Allowance | C36: 2100 | D36: 5600 | E36: =C36-D36 -> -3500 | F36: 2771.75 | G36: =C36-F36 -> -671.75 | H36: 2771.75 | K36: 10000 | L36: =K36/12*7 -> 5833.3333
A37: Mileage/Toll Claims/Petrol | C37: 13477.35 | D37: 10500 | E37: =C37-D37 -> 2977.35 | F37: 11175.23 | G37: =C37-F37 -> 2302.12 | H37: 14318.77 | K37: 21000 | L37: =K37/12*7 -> 12250
A38: Local Travel | C38: 14102.83 | D38: 61250 | E38: =C38-D38 -> -47147.17 | F38: 12171.63 | G38: =C38-F38 -> 1931.2 | H38: 15244.99 | K38: 105000 | L38: =K38/12*7 -> 61250
A39: Training & Development | C39: 80 | D39: 14000 | E39: =C39-D39 -> -13920 | F39: 7102 | G39: =C39-F39 -> -7022 | H39: 8332 | K39: 25000 | L39: =K39/12*7 -> 14583.333
A40: Staff Uniform | C40: 2261.5 | D40: 2333.3333 | E40: =C40-D40 -> -71.833333 | G40: =C40-F40 -> 2261.5 | H40: 0 | K40: 4000 | L40: =K40/12*7 -> 2333.3333
A41: Team Building & Others | D41: 4200 | E41: =C41-D41 -> -4200 | G41: =C41-F41 -> 0 | H41: 4490.01 | K41: 6800 | L41: =K41/12*7 -> 3966.6667
A42: Annual Dinner | D42: 5250 | E42: =C42-D42 -> -5250 | G42: =C42-F42 -> 0 | H42: 2400 | K42: 12000 | L42: 0
A43: Telephone/Emails/Fax | C43: 24856.09 | D43: 24871 | E43: =C43-D43 -> -14.91 | F43: 34255.6 | G43: =C43-F43 -> -9399.51 | H43: 42333.57 | K43: 42636 | L43: =K43/12*7 -> 24871
A44: Postage & Courier | C44: 10485.7 | D44: 11666.667 | E44: =C44-D44 -> -1180.9667 | F44: 14132.36 | G44: =C44-F44 -> -3646.66 | H44: 15197.11 | K44: 20000 | L44: =K44/12*7 -> 11666.667
A45: Office Rental | C45: 103659.2 | D45: 75250 | E45: =C45-D45 -> 28409.2 | F45: 108496.4 | G45: =C45-F45 -> -4837.2 | H45: 129832.08 | K45: 136300 | L45: =K45/12*7 -> 79508.333
A46: Stationery & Supplies | C46: 9666.57 | D46: 3500 | E46: =C46-D46 -> 6166.57 | F46: 5114.6 | G46: =C46-F46 -> 4551.97 | H46: 5511.53 | K46: 6000 | L46: =K46/12*7 -> 3500
A47: Photostating & Others/Photography | C47: 18422.85 | D47: 11666.667 | E47: =C47-D47 -> 6756.1833 | F47: 16450.3 | G47: =C47-F47 -> 1972.55 | H47: 22129.68 | K47: 20000 | L47: =K47/12*7 -> 11666.667
A48: Newspaper /Books | C48: 1048.3 | D48: 1166.6667 | E48: =C48-D48 -> -118.36667 | F48: 1607.7 | G48: =C48-F48 -> -559.4 | H48: 2094.7 | K48: 2000 | L48: =K48/12*7 -> 1166.6667
A49: Office Upkeep & Expenses | C49: 30287.29 | D49: 19541.667 | E49: =C49-D49 -> 10745.623 | F49: 18620.69 | G49: =C49-F49 -> 11666.6 | H49: 31083.83 | K49: 31000 | L49: =K49/12*7 -> 18083.333
A50: Refreshment / Food | C50: 4393.55 | D50: 4783.3333 | E50: =C50-D50 -> -389.78333 | F50: 1623.65 | G50: =C50-F50 -> 2769.9 | H50: 1719.05 | I50: 8200 | K50: 2100 | L50: =K50/12*7 -> 1225
A51: Meeting Expenses | C51: 215.8 | D51: 875 | E51: =C51-D51 -> -659.2 | F51: 173.5 | G51: =C51-F51 -> 42.3 | H51: 189.5 | I51: 1500 | K51: 1500 | L51: =K51/12*7 -> 875
A52: Upkeep Of M/Vehicle | C52: 4798.95 | D52: 3208.3333 | E52: =C52-D52 -> 1590.6167 | F52: 3735.75 | G52: =C52-F52 -> 1063.2 | H52: 4317.75 | K52: 5500 | L52: =K52/12*7 -> 3208.3333
A53: Electricity & Water | C53: 21280.35 | D53: 18083.333 | E53: =C53-D53 -> 3197.0167 | F53: 19387.72 | G53: =C53-F53 -> 1892.63 | H53: 23396.62 | K53: 31000 | L53: =K53/12*7 -> 18083.333
A54: Advertisement - Vacancy | D54: 3091.6667 | E54: =C54-D54 -> -3091.6667 | G54: =C54-F54 -> 0 | H54: 0 | K54: 5300 | L54: 0
A55: Trade Mark | D55: 1750 | E55: =C55-D55 -> -1750 | G55: =C55-F55 -> 0 | H55: 0 | K55: 3000 | L55: 0
A56: Directors' Meeting Allowance | D56: 7145.8333 | E56: =C56-D56 -> -7145.8333 | G56: =C56-F56 -> 0 | H56: 6000 | K56: 12250 | L56: 0
A57: Audit Fee | D57: 2916.6667 | E57: =C57-D57 -> -2916.6667 | G57: =C57-F57 -> 0 | H57: 5000 | K57: 5000 | L57: 0
A58: Accounting Fee | C58: 7082 | D58: 5775 | E58: =C58-D58 -> 1307 | F58: 8274.4 | G58: =C58-F58 -> -1192.4 | H58: 10886 | K58: 9900 | L58: =K58/12*7 -> 5775
A59: Secretarial Fee | C59: 963.3 | D59: 1750 | E59: =C59-D59 -> -786.7 | F59: 1939.8 | G59: =C59-F59 -> -976.5 | H59: 2581.1 | K59: 3000 | L59: =K59/12*7 -> 1750
A60: I/Tax Consultancy Fee | C60: 3312.78 | D60: 2625 | E60: =C60-D60 -> 687.78 | F60: 3572.2 | G60: =C60-F60 -> -259.42 | H60: 4155.2 | K60: 3000 | L60: =K60/12*7 -> 1750
A61: Bank Charges | C61: 1057.41 | D61: 583.33333 | E61: =C61-D61 -> 474.07667 | F61: 859.94 | G61: =C61-F61 -> 197.47 | H61: 1712.31 | K61: 1000 | L61: =K61/12*7 -> 583.33333
A62: Filing Fee | C62: 200 | D62: 105 | E62: =C62-D62 -> 95 | F62: 150 | G62: =C62-F62 -> 50 | H62: 150 | K62: 180 | L62: 180
A63: Gain/Loss Of Forex Exchange | D63: 583.33333 | E63: =C63-D63 -> -583.33333 | F63: 302.53 | G63: =C63-F63 -> -302.53 | H63: -260 | K63: 1000 | L63: =K63/12*7 -> 583.33333
A64: License Fee - Tic | C64: 330 | D64: 192.5 | E64: =C64-D64 -> 137.5 | F64: 330 | G64: =C64-F64 -> 0 | H64: 330 | K64: 330 | L64: 330
A65: Legal & Professional Fee | D65: 583.33333 | E65: =C65-D65 -> -583.33333 | G65: =C65-F65 -> 0 | H65: 0 | K65: 1000 | L65: 0
A66: Fixed Asset Written Off | C66: 560 | D66: 0 | E66: =C66-D66 -> 560 | F66: 1 | G66: =C66-F66 -> 559 | H66: 1 | I66: 0
A67: Depreciation Of Fixed Assets | D67: 0 | E67: =C67-D67 -> 0 | G67: =C67-F67 -> 0 | H67: 36579.63 | I67: 0 | K67: 0
I68: 0
A69: Operation Cost | I69: 0
A70: Advertisement | C70: 784713.59 | D70: 768320 | E70: =C70-D70 -> 16393.59 | F70: 391729.61 | G70: =C70-F70 -> 392983.98 | H70: 547997.84 | K70: 845000 | L70: =K70/12*7 -> 492916.67
A71: Printing Of Publication/Brochures | C71: 147648.39 | D71: 218341.67 | E71: =C71-D71 -> -70693.277 | F71: 90734.08 | G71: =C71-F71 -> 56914.31 | H71: 125533.88 | K71: 368300 | L71: =K71/12*7 -> 214841.67
A72: Souvenirs/Gifts | C72: 81419.15 | D72: 96250 | E72: =C72-D72 -> -14830.85 | F72: 103259.75 | G72: =C72-F72 -> -21840.6 | H72: 140960.73 | K72: 150000 | L72: =K72/12*7 -> 87500
A73: Brochure Showcase Rack | E73: =C73-D73 -> 0 | G73: =C73-F73 -> 0 | H73: 0 | K73: 0
A74: Banner/Streamers & Artwork | C74: 901.5 | D74: 3500 | E74: =C74-D74 -> -2598.5 | F74: 261.8 | G74: =C74-F74 -> 639.7 | H74: 2070.16 | K74: 6000 | L74: =K74/12*7 -> 3500
A75: Brochure Distribution Fee | C75: 21854.84 | D75: 17500 | E75: =C75-D75 -> 4354.84 | F75: 22500 | G75: =C75-F75 -> -645.16 | H75: 30000 | K75: 30000 | L75: =K75/12*7 -> 17500
A76: Dev. Ofpg Mobile Application | C76: 9300 | D76: 23333.333 | E76: =C76-D76 -> -14033.333 | F76: 6360 | G76: =C76-F76 -> 2940 | H76: 6360 | K76: 0
A77: Tourism Media Campaign | C77: 454032.88 | D77: 933333.33 | E77: =C77-D77 -> -479300.45 | F77: 423081.76 | G77: =C77-F77 -> 30951.12 | H77: 813081.76 | K77: 1750000 | L77: =K77/12*7 -> 1020833.3
A78: Photo/Video Archiving | C78: 12120 | D78: 30916.667 | E78: =C78-D78 -> -18796.667 | F78: 25215 | G78: =C78-F78 -> -13095 | H78: 61527 | K78: 66000 | L78: =K78/12*7 -> 38500
A79: Dev Of Pgt Website | C79: 3237.5 | D79: 46666.667 | E79: =C79-D79 -> -43429.167 | F79: 29629.9 | G79: =C79-F79 -> -26392.4 | H79: 30479.9 | K79: 27000 | L79: =K79/12*7 -> 15750
A80: Video Production | C80: 20569 | D80: 49466.667 | E80: =C80-D80 -> -28897.667 | F80: 24380 | G80: =C80-F80 -> -3811 | H80: 44096 | K80: 84800 | L80: =K80/12*7 -> 49466.667
A81: Publicity For Events | C81: 375873.9 | D81: 338263.33 | E81: =C81-D81 -> 37610.567 | F81: 513286.61 | G81: =C81-F81 -> -137412.71 | H81: 622187.33 | K81: 765000 | L81: =K81/12*7 -> 446250
A82: Online Promotion | C82: 302.1 | D82: 0 | E82: =C82-D82 -> 302.1 | G82: =C82-F82 -> 302.1
A83: Tactical Campaign | C83: 500543.54 | D83: 877333.33 | E83: =C83-D83 -> -376789.79 | F83: 525674.54 | G83: =C83-F83 -> -25131 | H83: 1132695.8 | K83: 1280000 | L83: =K83/12*7 -> 746666.67
A84: Tourism Survey | C84: 37600 | D84: 116666.67 | E84: =C84-D84 -> -79066.667 | F84: 79712 | G84: =C84-F84 -> -42112 | H84: 199280 | K84: 200000 | L84: =K84/12*7 -> 116666.67
A85: Copywritting/Translation | C85: 11049.6 | D85: 30916.667 | E85: =C85-D85 -> -19867.067 | F85: 44757.59 | G85: =C85-F85 -> -33707.99 | H85: 52677.59 | K85: 84800 | L85: =K85/12*7 -> 49466.667
A86: Hosting Of Events | C86: 1042406.4 | D86: 1013833.3 | E86: =C86-D86 -> 28573.097 | F86: 2886346.4 | G86: =C86-F86 -> -1843940 | H86: 3122221.5 | K86: 2894000 | L86: =K86/12*7 -> 1688166.7
A87: Tourism Promotion (Trade Show) | C87: 852076.43 | D87: 611333.33 | E87: =C87-D87 -> 240743.1 | F87: 688478.45 | G87: =C87-F87 -> 163597.98 | H87: 732685.08 | K87: 1066000 | L87: =K87/12*7 -> 621833.33
A88: State Tourism - Tourism Promotion | D88: 17500 | E88: =C88-D88 -> -17500 | F88: 12909.01 | G88: =C88-F88 -> -12909.01 | H88: 12909.01 | K88: 30000 | L88: =K88/12*7 -> 17500
A89: APEC Meeting | D89: 0 | E89: =C89-D89 -> 0 | F89: 5145.35 | G89: =C89-F89 -> -5145.35 | H89: 91664.88 | I89: 0
A90: Local Govt Fee - Tactical Campaign & Trade Show(China) | C90: 656471.82 | D90: 1980000 | E90: =C90-D90 -> -1323528.2 | F90: 643202.21 | G90: =C90-F90 -> 13269.61 | H90: 802240.83 | K90: 2160000 | L90: =K90/12*7 -> 1260000
A91: Local Govt Fee - Pg Int Food Festival | C91: 1555858.2 | D91: 1570000 | E91: =C91-D91 -> -14141.75 | F91: 1476819.1 | G91: =C91-F91 -> 79039.18 | H91: 1480291.6 | K91: 1500000 | L91: 1500000
A92: Local Govt Fee - Pg Int Wedding Expo | C92: 486555.09 | D92: 500000 | E92: =C92-D92 -> -13444.91 | F92: 0 | G92: =C92-F92 -> 486555.09 | H92: 0
A93: Local Govt Fee - Pg Hot Air Balloon Fiesta | C93: 870243.75 | D93: 1000000 | E93: =C93-D93 -> -129756.25 | F93: 0 | G93: =C93-F93 -> 870243.75 | H93: 0
A94: Local Govt Fee - Pg Fair @ HCM | C94: 252682.89 | D94: 250000 | E94: =C94-D94 -> 2682.89 | F94: 0 | G94: =C94-F94 -> 252682.89 | H94: 0
A95: Local Govt Fee - Pg Street Food Festival | C95: 461169 | D95: 400000 | E95: =C95-D95 -> 61169 | F95: 296800 | G95: =C95-F95 -> 164369 | H95: 296800 | I95: 0
A96: Local Govt Fee - Hari Raya Celebration | C96: 550000 | D96: 550000 | E96: =C96-D96 -> 0 | F96: 0 | G96: =C96-F96 -> 550000 | H96: 0
A97: Local Govt Fee - PATA Travel Mart | C97: 84973.63 | D97: 218600 | E97: =C97-D97 -> -133626.37 | F97: 0 | G97: =C97-F97 -> 84973.63 | H97: 0
A98: Local Govt Fee - Itb Asia Sg | C98: 249222.09 | D98: 420000 | E98: =C98-D98 -> -170777.91 | F98: 302438.52 | G98: =C98-F98 -> -53216.43 | H98: 385015.39 | I98: 0 | K98: 400000 | L98: 0
A99: Local Govt Fee - PCET | C99: 90839.98 | D99: 87500 | E99: =C99-D99 -> 3339.98 | F99: 0 | G99: =C99-F99 -> 90839.98 | H99: 0
A100: Local Govt Fee - PMED | C100: 18667.31 | D100: 87500 | E100: =C100-D100 -> -68832.69 | F100: 0 | G100: =C100-F100 -> 18667.31 | H100: 0
A101: Local Govt Fee - Hk Media Campaign | C101: 0 | D101: 0 | E101: =C101-D101 -> 0 | F101: 434578.18 | G101: =C101-F101 -> -434578.18 | H101: 434578.18 | I101: 0 | K101: 450000 | L101: 450000
A102: Local Govt Fee - Wtm Connect Asia | C102: 0 | D102: 0 | E102: =C102-D102 -> 0 | F102: 560631.32 | G102: =C102-F102 -> -560631.32 | H102: 560631.32 | I102: 0 | K102: 570000 | L102: 570000
A103: Local Govt Fee - Pg Fun Experiences With Dm3 | C103: 0 | D103: 0 | E103: =C103-D103 -> 0 | F103: 766664.82 | G103: =C103-F103 -> -766664.82 | H103: 766664.82 | I103: 0 | K103: 800000 | L103: 800000
A104: Local Govt Fee - Fligth Incentive | C104: 0 | D104: 0 | E104: =C104-D104 -> 0 | F104: 107915.56 | G104: =C104-F104 -> -107915.56 | H104: 107915.56 | I104: 0 | K104: 107915.56 | L104: 107915.56
A105: Total Administration & Operation Cost | C105: =SUM(C26:C104) -> 11043935 | D105: =SUM(D26:D104) -> 13628050 | E105: =C105-D105 -> -2584114.7 | F105: =SUM(F26:F104) -> 11912502 | G105: =SUM(G26:G104) -> -868566.3 | H105: 14431588 | I105: =SUM(I26:I104) -> 9700
...

Sheet NTC
A1: PENANG GLOBAL TOURISM SDN BHD
A2: NOTE TO ACCOUNT
A4: 1) | B4: PROPERTY, PLANT AND EQUIPMENT
B5: Property, plant and equipment consist of the following:
D7: COST
D8: Balance as of 1 Jan 2018 (RM) | E8: Additions (RM) | F8: Disposal (RM) | G8: Balance as of 31 Dec 2018 (RM) | I8: Book Value as of 31 Dec 2018 (RM)
B9: Computers | D9: 96859.08 | E9: 4358 | F9: 2790 | G9: =D9+E9-F9 -> 98427.08 | I9: 17261.05
B10: Office Equipment | D10: 62454.8 | E10: 0 | F10: 1050 | G10: =D10+E10-F10 -> 61404.8 | I10: 29142.52
B11: Furniture & Fitting | D11: 158220.25 | E11: 0 | F11: 417 | G11: =D11+E11-F11 -> 157803.25 | I11: 79181.62
B12: Software | D12: 12457.99 | E12: 0 | F12: 0 | G12: =D12+E12 -> 12457.99 | I12: 1065.39
B13: Motor Vehicle | D13: 58342.5 | E13: 0 | F13: 0 | G13: =D13+E13 -> 58342.5 | I13: 2
B14: Office Renovation | D14: 181230.5 | E14: 0 | F14: 0 | G14: =D14+E14 -> 181230.5 | I14: 906
B15: Electrical Installation | D15: 136718 | E15: 0 | F15: 0 | G15: =D15+E15 -> 136718 | I15: 2
D16: =SUM(D9:D15) -> 706283.12 | E16: =SUM(E9:E15) -> 4358 | F16: =SUM(F9:F15) -> 4257 | G16: =SUM(G9:G15) -> 706384.12 | I16: =SUM(I9:I15) -> 127560.58
A19: 2) | B19: OTHER RECEIVABLES
F20: Nov 2017 | G20: Nov 2016
B21: Debtors | F21: 0 | G21: 0
F22: =SUM(F21:F21) -> 0 | G22: =SUM(G21:G21) -> 0
A24: 2) | B24: OTHER CURRENT ASSETS
F26: Oct 2018 | G26: Oct 2017
B27: Deposit refundable | F27: 46012 | G27: 54012
B28: Amomunt Owing from Holding Co. - PDC | F28: 0
B29: Amount Owing from State Govt. | F29: 0 | G29: 0
B30: Prepayments | F30: 0 | G30: 0
B31: Interest receivable | F31: 0 | G31: 94023.35
F32: =SUM(F27:F31) -> 46012 | G32: =SUM(G27:G31) -> 148035.35
A34: 3) | B34: CASH & BANK BALANCES
F35: Oct 2018 | G35: Oct 2017
B36: Cash in hand | F36: 515.54 | G36: 1346.84
B37: Cash at bank :-
B38: Current account | F38: 214997.24 | G38: 60115.65
B39: Short term money market deposit | F39: 4759184.7 | G39: 3935000
F40: =SUM(F36:F39) -> 4974697.5 | G40: =SUM(G36:G39) -> 3996462.5
A42: 4) | B42: OTHER PAYABLE AND ACCRUED EXPENSES
F43: Oct 2018 | G43: Oct 2017
B45: Other payable | F45: 976.5 | G45: 909.6
B46: Other Receivable
B47: Amount Owing to PDC Premier
B48: Accrued Expenses | F48: 7800 | G48: 63234.8
F49: =SUM(F45:F48) -> 8776.5 | G49: =SUM(G45:G48) -> 64144.4
A51: 5) | B51: DEFERRED INCOME
F52: Oct 2018 | G52: Oct 2017
B53: Balance at beginning of the year | F53: 3095380.5 | G53: 3311253.8
B54: Government grant received as at 31 Oct | F54: 12969900 | G54: 12752107
B55: Total government grant available | F55: =SUM(F53:F54) -> 16065280 | G55: =SUM(G53:G54) -> 16063361
B57: Accrued expenses overstated in prior year | F57: 28972.92 | G57: 0
B59: Surplus grant yet refund | F59: =F55+F57 -> 16094253 | G59: =G55+G57 -> 16063361
B61: Add :
C62: Interest received | F62: 88384.83 | G62: 100128.52
C63: Miscellaneous income | F63: 0 | G63: 339.01
C64: Merchandise Sales | F64: 14179.9 | G64: 12395
C65: Total | F65: =SUM(F62:F64) -> 102564.73 | G65: =SUM(G62:G64) -> 112862.53
B67: Less:
C68: Merchandise cost | F68: -7955.9 | G68: -6321.1
C69: Operating Expenses | F69: -9632332.7 | G69: -10462512
C70: Administration Expenses | F70: -1411602.8 | G70: -1449990.2
C71: Taxation | F71: 0 | G71: 0
C72: Total Expenditure | F72: =SUM(F68:F71) -> -11051891 | G72: =SUM(G68:G71) -> -11918823
B74: Portion of government grant utilised as at 31 Oct 2018 | F74: -10949327 | G74: -11805960
B75: Balance as at 31 Oct 2018 | F75: =F55+F57+F74 -> 5144926.8 | G75: =G55+G57+G74 -> 4257401
A77: 6) | B77: Interest Received | F77: Oct 2018 | G77: Oct 2017
B79: Interest from CIMB STMMD
B80: Interest from RHB STMMD (Oct) | E80: *non taxable | F80: 85942.3 | G80: 91842.94
B81: Rebate from RHB STMMD | E81: *non taxable | F81: 2430.58 | G81: 2180.11
F82: =SUM(F79:F81) -> 88372.88 | G82: =SUM(G79:G81) -> 94023.05
